 Dungeon Crawl Stone Soup version 0.14-a0-2682-g5763165 (webtiles) character file.

367 SomethingShithole the Chiller (level 5, -8/35 HPs)
             Began as a Vampire Ice Elementalist on Feb 17, 2014.
             Killed by divine providence
             ... invoked by an orc priest
              (13 damage)
             ... on Level 3 of the Dungeon.
             The game lasted 00:20:29 (3873 turns).

SomethingShithole the Chiller (VpIE)                Turns: 3873, Time: 00:20:29

HP  -8/35        AC  3     Str  7      XL: 5   Next: 78%
MP  12/12        EV 13     Int 18      God:
Gold 129         SH  0     Dex 14      Spells:  1 memorised, 10 levels left

rFire  . . .     SeeInvis +     e - +2,+4 dwarf dagger (venom)
rCold  . . .     Clarity  .     a - +1 robe
rNeg   + . .     Conserve .     (no shield)
rPois  .         rCorr    .     (no helmet)
rElec  .         rRot     .     (no cloak)
SustAb . .       Spirit   .     (no gloves)
rMut   .         Warding  .     (no boots)
Saprov . . .     Stasis   .     (no amulet)
MR     .....                    (no ring)
                                (no ring)

@: not resistant to hostile enchantments, stealthy
A: fangs 3, see invisible, unbreathing
a: Bat Form


You were on level 3 of the Dungeon.
You were not thirsty.

You visited 1 branch of the dungeon, and saw 3 of its levels.

You collected 129 gold pieces.

Inventory:

Hand weapons
 d - a +0,+0 dwarven dagger
 e - a +2,+4 dwarven dagger of venom (weapon)
Armour
 a - a +1 robe (worn)
 k - a +0 robe
Comestibles
 f - a choko
Scrolls
 l - 3 scrolls of remove curse
 o - a scroll of enchant armour
Jewellery
 c - an uncursed amulet of the gourmand {unknown}
 g - an uncursed amulet of stasis {unknown}
 h - an uncursed ring of flight
 q - a cursed ring of teleportation {unknown}
Potions
 i - a potion of curing
 j - a potion of might
 m - a potion of heal wounds
 p - a potion of invisibility {unknown}
Books
 b - a book of Frost

   Spells                             Type                      Level
   *Freeze                            Ice                          1
   Throw Frost                        Conjuration/Ice              2
   Ozocubu's Armour                   Charms/Ice                   3
   Throw Icicle                       Conjuration/Ice              4
   Summon Ice Beast                   Ice/Summoning                4
   Condensation Shield                Ice                          4


   Skills:
 + Level 0.1 Fighting
 + Level 0.2 Short Blades
 + Level 3.7 Dodging
 + Level 3.8 Stealth
 + Level 3.7 Spellcasting
   Level 0.6 Conjurations
 + Level 4.3 Ice Magic


You had 10 spell levels left.
You knew the following spells:

 Your Spells              Type           Power        Failure   Level  Hunger
a - Freeze                Ice            ###.         2%          1    None


Dungeon Overview and Level Annotations

Branches:
Dungeon (3/16)

Altars:
Xom


Innate Abilities, Weirdness & Mutations

You have razor-sharp teeth.*
You have supernaturally acute eyesight.
You can survive without breathing.*


Message History

Identify which item? (\ to view known items) (? for menu, Esc to quit)
As you read the scroll of identify, it crumbles to dust.
h - an uncursed ring of flight
Things that are here:
a hand axe; a ring mail An orc comes into view.
The orc throws a tomahawk.
The tomahawk misses you.
You see here a tomahawk.
An orc priest comes into view. It is wielding an orcish club.
An orc comes into view. It is wielding an orcish flail.
The orc throws a tomahawk.
The tomahawk hits you!
You see here a tomahawk.
The orc throws a tomahawk.
The tomahawk hits you!
You see here a tomahawk.
The orc priest shouts!
The orc throws a tomahawk.
The tomahawk hits you!
* * * LOW HITPOINT WARNING * * *
The orc priest calls down the wrath of Beogh upon you.
Something smites you!
You die...

#.#............).................
#.#..............................
################.................
................##.......
#...#...#...%.............
...o..............(.......
#o..#...#(#...............
o.o.....((...............
################@................
.....#.........###.......#.##.##.
....##......##.###..)....#.# ....
.............)..............#.#..
............................#.#..
....##........................ ..
....##....#.##.####........#.. ..
................. .>......... ..
.#+###...................... ...


You could see an orc priest and 2 orcs.

Vanquished Creatures
  An ogre (D:3)
  A hound (D:3)
  Jessica (D:3)
  Terence (D:3)
  An adder (D:3)
  2 giant mites (D:3)
  3 giant geckos (D:3)
  10 bats
  2 giant cockroaches (D:1)
  14 hobgoblins
  6 kobolds
  2 ball pythons (D:2)
  14 giant newts
  13 goblins
  8 rats
79 creatures vanquished.

Notes
Turn   | Place    | Note
--------------------------------------------------------------
     0 | D:1      | SomethingShithole, the Vampire Ice Elementalist, began the quest for the Orb.
     0 | D:1      | Reached XP level 1. HP: 13/13 MP: 3/3
    59 | D:1      | Found a shimmering altar of Xom.
   293 | D:1      | Reached XP level 2. HP: 11/19 MP: 1/4
  1688 | D:1      | Reached XP level 3. HP: 22/24 MP: 6/6
  2870 | D:3      | Reached XP level 4. HP: 25/30 MP: 0/8
  3267 | D:3      | Noticed Jessica
  3279 | D:3      | Killed Jessica
  3328 | D:3      | Noticed an ogre
  3338 | D:3      | Killed an ogre
  3338 | D:3      | Reached skill level 4 in Ice Magic
  3338 | D:3      | Reached XP level 5. HP: 26/35 MP: 3/11
  3825 | D:3      | Noticed Terence
  3834 | D:3      | Killed Terence
  3873 | D:3      | Killed from afar by an orc priest

Action                   |  1- 3 |  4- 6 || total
-------------------------+-------+-------++-------
Melee: Dagger            |   130 |    15 ||   145
       Unarmed           |     1 |       ||     1
       Short sword       |    31 |       ||    31
 Cast: Freeze            |    37 |    37 ||    74
  Use: Scroll            |     6 |     5 ||    11
       Potion            |     6 |       ||     6
